 Dungeon Crawl Stone Soup version 0.23-a0-309-ge7838e6 (webtiles) character file.

3061 Ijustatesigmund the Contemplative (level 9, -9/57 HPs)
             Began as an Octopode Wizard on Oct 11, 2018.
             Was a Priest of Cheibriados.
             Mangled by a troll (10 damage)
             ... on level 9 of the Dungeon.
             The game lasted 00:22:40 (10726 turns).

Ijustatesigmund the Contemplative (OpWz)           Turns: 10726, Time: 00:22:42

Health: -9/57      AC:  6    Str: 14    XL:     9   Next: 88%
Magic:  3/14       EV: 16    Int: 29    God:    Cheibriados [***...]
Gold:   417        SH:  0    Dex: 21    Spells: 6/14 levels left

rFire    + . .     SeeInvis .   b - +1 war axe
rCold    . . .     Gourm    .   (no shield)
rNeg     . . .     Faith    .   a - +2 hat
rPois    .         Spirit   .   (no amulet)
rElec    .         Reflect  .   k - +3 ring of protection
rCorr    +         Harm     .   p - ring of protection from fire
MR       .....                  x - ring of resist corrosion
Stlth    ++++......             (no ring)
HPRegen  0.19/turn              (no ring)
MPRegen  0.14/turn              (no ring)
                                (no ring)
                                (no ring)

@: flying, very slow
A: almost no armour, stealthy swim, amphibious, 8 rings, constrict 8, camouflage
1, gelatinous body 1
a: Bend Time, Temporal Distortion, Renounce Religion


You were on level 9 of the Dungeon.
You worshipped Cheibriados.
Cheibriados was most pleased with you.
You were not hungry.

You visited 2 branches of the dungeon, and saw 10 of its levels.

You collected 417 gold pieces.

Inventory:

Hand Weapons
 b - a +1 war axe (weapon)
 h - a +2 whip of freezing
 r - a +3 flail of crushing
Missiles
 s - 7 javelins (quivered)
Armour
 a - a +2 hat (worn)
Jewellery
 k - a +3 ring of protection (left tentacle)
 p - a ring of protection from fire (right tentacle)
 w - a cursed amulet of inaccuracy {unknown}
 x - a ring of resist corrosion (on tentacle)
Wands
 j - a wand of digging (14)
 m - a wand of iceblast (9)
Scrolls
 e - 9 scrolls of remove curse
 g - 2 scrolls of amnesia
 n - 2 scrolls of enchant armour
 t - a scroll of fear
 v - 2 scrolls of identify
Potions
 f - 4 potions of brilliance
 i - a potion of curing
 q - 2 potions of lignification
 u - a potion of might
Comestibles
 c - 16 rations
 d - 4 chunks of flesh


   Skills:
 - Level 3.3 Fighting
 - Level 4.3 Axes
 - Level 4.2 Dodging
 - Level 2.6 Stealth
 - Level 3.0 Spellcasting
 + Level 6.1 Conjurations
 + Level 5.4 Summonings
 - Level 2.2 Translocations
 - Level 2.3 Air Magic
 - Level 2.3 Poison Magic
 - Level 7.4 Invocations


You had 6 spell levels left.
You knew the following spells:

 Your Spells              Type           Power        Failure   Level  Hunger
a - Magic Dart            Conj           ####         1%          1    None
b - Blink                 Tloc           N/A          4%          2    #......
c - Mephitic Cloud        Conj/Pois/Air  ####....     5%          3    ###....
d - Call Imp              Summ           #####...     1%          2    #......

Your spell library contained the following spells:

 Spells                   Type           Power        Failure   Level  Hunger
 Conjure Flame            Conj/Fire      ###.....     6%          3    ###....
 Slow                     Hex            #.......     12%         2    #......


Dungeon Overview and Level Annotations

Branches:
Dungeon (9/15)             Temple (1/1) D:4
   Lair: D:8-11         Orc: D:9-12

Altars:
Ashenzari
Cheibriados
Dithmenos
Elyvilon
Fedhas
Gozag
Hepliaklqana
Kikubaaqudgha
Makhleb
Nemelex Xobeh
Okawaru
Qazlal
Ru
Sif Muna
Trog
Uskayaw
Vehumet
Wu Jian
Xom
Yredelemnul
Zin
The Shining One


Innate Abilities, Weirdness & Mutations

You cannot wear most types of armour.
You are very stealthy in the water. (Stealth+)
You are amphibious.
You can wear up to eight rings at the same time.
You can use your tentacles to constrict eight enemies at once.
Your skin changes colour to match your surroundings (Stealth+).
Your rubbery body absorbs attacks. (AC +1, EV +1)


Message History

* * * LOW HITPOINT WARNING * * *
The troll claws you but does no damage. The troll misses you.
You feel much better. The troll barely misses you.
The troll closely misses you. The troll claws you but does no damage.
You hit the troll.
The troll is heavily wounded.
The troll misses you. The troll closely misses you.
The troll completely misses you.
You slash the troll!
You squeeze the troll, but do no damage.
The troll is severely wounded.
The troll barely misses you. The troll closely misses you. The troll claws you!
You hit the troll. Your squeeze misses the troll.
The troll is severely wounded.
The troll bites you!
* * * LOW HITPOINT WARNING * * *
The troll barely misses you. The troll claws you!
* * * LOW HITPOINT WARNING * * *
The troll bites you!
You die...

#..# #..#
#..# #..#
#.># #..#
.#+####'##
........<#
.......@.#
......T..#
.......).#
.####....#
#....#
###+##


You could see a troll.

Vanquished Creatures
  Pikel (D:4)
  A troll (D:8)
  Prince Ribbit (D:6)
  A spriggan (D:7)
  Sigmund (D:5)
  Edmund (D:6)
  2 orc warriors
  A sky beast (D:7)
  A slave (D:4)
  A phantom (D:6)
  A necrophage (D:7)
  An ogre (D:8)
  2 bullfrogs
  2 scorpions
  3 wights (D:7)
  A howler monkey (D:5)
  5 crimson imps
  A bullfrog zombie (D:7)
  A centaur zombie (D:7)
  A bullfrog skeleton (D:6)
  3 hounds
  A jelly (D:5)
  2 centaur skeletons (D:7)
  2 orc wizards (D:4)
  4 worker ants
  2 hound skeletons
  A hound zombie (D:5)
  A worker ant zombie (D:6)
  3 gnolls (D:4)
  6 adders
  A shadow imp (D:6)
  2 adder skeletons (D:5)
  An adder zombie (D:5)
  4 worms
  A dart slug (D:4)
  2 leopard geckos
  15 orcs
  3 giant cockroaches
  6 goblins
  5 hobgoblins
  10 jackals (D:3)
  9 kobolds
  4 quokkas
  8 bats
  3 frilled lizards
  A jackal skeleton (D:7)
  A leopard gecko skeleton (D:4)
  6 rats
136 creatures vanquished.

Vanquished Creatures (others)
  A bullfrog (D:4)
  An adder (D:4)
2 creatures vanquished.

Grand Total: 138 creatures vanquished

Notes
Turn   | Place    | Note
-------+----------+-------------------------------------------
     0 | D:1      | Ijustatesigmund the Octopode Wizard began the quest for the
                  | Orb.
     0 | D:1      | Reached XP level 1. HP: 11/11 MP: 4/4
   255 | D:1      | Reached XP level 2. HP: 17/17 MP: 1/6
   259 | D:1      | Learned a level 2 spell: Blink
  1049 | D:2      | You fall through a shaft for 2 floors!
  1159 | D:4      | Found an ancient bone altar of Kikubaaqudgha.
  1178 | D:4      | Found a staircase to the Ecumenical Temple.
  1248 | D:4      | Noticed a slave
  1275 | D:3      | Reached XP level 3. HP: 21/21 MP: 5/7
  1299 | D:3      | Learned a level 3 spell: Mephitic Cloud
  1773 | D:2      | Found a bloodstained altar of Trog.
  1790 | D:2      | Reached skill level 1 in Air Magic
  1817 | D:2      | Found a snail-covered altar of Cheibriados.
  1822 | D:2      | Became a worshipper of Cheibriados the Contemplative
  1851 | D:2      | Reached skill level 1 in Poison Magic
  1935 | D:2      | Reached XP level 4. HP: 19/27 MP: 0/8
  2790 | D:3      | Noticed a phantom
  3041 | D:3      | Reached * piety under Cheibriados
  3369 | D:3      | Reached XP level 5. HP: 31/31 MP: 5/9
  4560 | Temple   | Entered the Ecumenical Temple
  4731 | D:4      | Killed a slave
  4749 | D:4      | Reached skill level 1 in Axes
  4749 | D:4      | Reached skill level 1 in Invocations
  4785 | D:4      | Noticed a slave
  4785 | D:4      | Noticed Pikel
  4787 | D:4      | Noticed a slave
  4793 | D:4      | Killed Pikel
  4793 | D:4      | Reached skill level 4 in Invocations
  4793 | D:4      | Reached XP level 6. HP: 19/36 MP: 6/10
  4793 | D:4      | Reached XP level 7. HP: 21/41 MP: 6/11
  5375 | D:4      | Found a hazy altar of Hepliaklqana.
  5517 | D:4      | Found a blossoming altar of Fedhas.
  5536 | D:4      | Reached ** piety under Cheibriados
  5547 | D:4      | Reached skill level 1 in Fighting
  5767 | D:5      | Entered Level 5 of the Dungeon
  5773 | D:5      | Reached skill level 5 in Invocations
  6184 | D:5      | Reached XP level 8. HP: 45/50 MP: 1/12
  6343 | D:5      | Noticed Sigmund
  6353 | D:5      | Killed Sigmund
  6353 | D:5      | Reached skill level 6 in Invocations
  7296 | D:6      | Found a shadowy altar of Dithmenos.
  7304 | D:6      | Found a stormy altar of Qazlal.
  7305 | D:6      | Found a basalt altar of Yredelemnul.
  7333 | D:6      | Noticed Prince Ribbit
  7351 | D:6      | Killed Prince Ribbit
  7512 | D:6      | Reached skill level 7 in Invocations
  7667 | D:6      | Noticed Edmund
  7688 | D:6      | Killed Edmund
  7860 | D:6      | Learned a level 2 spell: Call Imp
  7931 | D:6      | Reached *** piety under Cheibriados
  7931 | D:6      | Reached XP level 9. HP: 48/57 MP: 2/14
  9645 | D:7      | Reached skill level 5 in Conjurations
 10287 | D:8      | Reached skill level 5 in Summonings
 10402 | D:8      | Found a deep blue altar of Sif Muna.
 10598 | D:9      | Noticed a troll
 10600 | D:9      | Noticed a troll
 10621 | D:8      | Killed a troll
 10726 | D:9      | HP: 1/57 [troll (10)]
 10726 | D:9      | Mangled by a troll

Vault maps used:
D:1:      lordsloth_arrival_two_stooges
D:2:      nicolae_overflow_crystal_walls, cheibriados_altar_1, first_ration,
          kennysheep_generic_room_15
D:3:      minmay_misc_feat_columns
D:4:      old_standard_altar, kennysheep_mini,
          minmay_temple_entry_statues_fountains, fedhas_altar_1, uniq_pikel
D:5:      minmay_misc_feat_square, uniq_sigmund
D:6:      gammafunk_temple_overflow_forgotten, uniq_edmund, uniq_prince_ribbit1
D:7:      the_bakery, hangedman_decor_diamond_cutter
D:8:      lemuel_blue_sif_altar, kennysheep_nondescript, minmay_misc_feat_iff,
          uniq_psyche
D:9:      minmay_orc_entry_guard_dogs
Temple:   zaba_magenta_temple

Skill      XL: |  1  2  3  4  5  6  7  8  9 |
---------------+----------------------------+-----
Conjurations   | 2 3 6 |  6.1
Air Magic      | 1 2 |  2.3
Poison Magic   | 1 2 |  2.3
Translocations | 2 |  2.2
Axes           | 4 |  4.3
Invocations    | 4 5 7 |  7.4
Fighting       | 2 3 |  3.3
Dodging        | 4 |  4.2
Summonings     | 5 |  5.4
Stealth        | |  2.6
Spellcasting   | |  3.0

Action                   |  1- 3 |  4- 6 |  7- 9 || total
-------------------------+-------+-------+-------++-------
Melee: Dagger            |     8 |       |       ||     8
       Constrict         |     2 |     9 |    26 ||    37
       Hand axe          |     5 |    18 |       ||    23
       Tentacles         |       |     7 |    25 ||    32
       War axe           |       |    10 |   116 ||   126
Throw: Javelin           |     1 |       |     4 ||     5
 Cast: Magic Dart        |    79 |    86 |   239 ||   404
       Mephitic Cloud    |       |     3 |    10 ||    13
       Blink             |       |       |     2 ||     2
       Call Imp          |       |       |     1 ||     1
Invok: Bend Time         |       |       |     3 ||     3
  Use: Scroll            |     3 |     8 |    12 ||    23
       Potion            |     2 |       |     6 ||     8
 Stab: Sleeping          |     1 |       |     3 ||     4
       Confused          |       |     2 |     4 ||     6
       Invisible         |       |       |     1 ||     1
  Eat: Ration            |     1 |       |       ||     1
       Chunk             |       |     5 |     9 ||    14
Armor: Skin              |       |     4 |    40 ||    44
Dodge: Dodged            |    13 |    40 |   134 ||   187

Table legend:
 A = Non-vault XP
 B = Vault XP
 C = Vault XP percentage of total XP
 D = Non-vault monster count
 E = Vault monster count
 F = Vault count percentage of total count
                 A         B        C        D         E       F
            +---------+---------+-------+---------+---------+-------
      Total |    2815 |    1558 |  35.6 |     128 |       7 |   5.2
            +---------+---------+-------+---------+---------+-------
        D:1 |      28 |       0 |   0.0 |      18 |       0 |   0.0
        D:2 |      91 |       4 |   4.2 |      13 |       2 |  13.3
        D:3 |      60 |       0 |   0.0 |      29 |       0 |   0.0
        D:4 |     221 |     706 |  76.2 |      17 |       1 |   5.6
        D:5 |     300 |     212 |  41.4 |      14 |       1 |   6.7
        D:6 |     462 |     421 |  47.7 |      13 |       2 |  13.3
        D:7 |     940 |     215 |  18.6 |      16 |       1 |   5.9
        D:8 |     713 |       0 |   0.0 |       8 |       0 |   0.0
            +---------+---------+-------+---------+---------+-------
